AoeStats
← ME_DEPRIME_JUGAR_CON_USTEDES

MegaRandom

506515156Analyzed
2v2 RM · 18d ago on Sep 13, 2026· 44m 47s· 4 players
Game mode
Random Map
Map size
Medium (4 player)
Population
200
Speed
Normal
Resources
Standard
Victory
Conquest
Starting age
Dark Age
Ending age
Imperial Age
RankedLock teamsTeams togetherTeam positionsShared explorationLock speedFull tech treeHidden civsTurbo modeCheats
Victory
Defeat
🇦🇷 Maya · Argentina
1533
+20
🇦🇷 Magyars · Argentina
1449
+23
🇲🇽 Britons · Mexico
1620
-22
🇲🇽 Vietnamese · Mexico
1609
-21
hK | triunFo
7:16 Loom
9:41 Feudal Age
16:28 Castle Age
14:31 Double-Bit Axe
22:05 Fletching
23:46 Bodkin Arrow
25:07 Padded Archer Armor
32:59 Ballistics
32:28 Town Watch
33:00 Leather Archer Armor
40:02 Gold Mining
41:28 Stone Mining
44:28 Imperial Age
42:56 Yeomen
hK | TwisteR
5:08 Loom
9:16 Feudal Age
9:51 Double-Bit Axe
16:51 Scale Barding Armor
24:24 Castle Age
22:57 Horse Collar
24:08 Bloodlines
23:53 Fletching
25:03 Padded Archer Armor
25:23 Bow Saw
27:34 Wheelbarrow
30:23 Heavy Plow
30:47 Bodkin Arrow
31:58 Ballistics
33:04 Leather Archer Armor
33:06 Town Watch
35:59 Husbandry
40:51 Imperial Age
39:29 Thumb Ring
39:02 Light Cavalry
41:07 Heavy Cavalry Archer
42:17 Bracer
43:22 Hand Cart
44:24 Chemistry
JLoops
6:44 Loom
9:27 Feudal Age
10:06 Double-Bit Axe
10:17 Town Watch
10:59 Horse Collar
19:59 Castle Age
20:01 Bloodlines
21:43 Scale Barding Armor
26:30 Husbandry
29:37 Chain Barding Armor
30:29 Wheelbarrow
35:11 Imperial Age
34:29 Hand Cart
35:46 Fletching
35:59 Cavalier
37:05 Ballistics
38:18 Plate Barding Armor
40:46 Conscription
41:11 Bow Saw
41:05 Paladin
42:11 Heavy Plow
ME_DEPRIME_JUGAR_CON_USTEDES
0:29 Loom
10:16 Feudal Age
10:49 Double-Bit Axe
14:11 Fletching
23:11 Castle Age
22:28 Gold Mining
22:36 Stone Mining
23:22 Crossbowman
23:58 Bodkin Arrow
25:18 Wheelbarrow
24:57 Bow Saw
26:32 Horse Collar
27:54 Padded Archer Armor
29:05 Leather Archer Armor
29:19 Ballistics
39:02 Imperial Age
37:43 Heavy Plow
38:19 Stone Shaft Mining
38:29 Hul'che Javelineers
38:48 Hand Cart
39:17 Scale Mail Armor
39:29 Squires
39:46 Eagle Warrior
40:43 Chain Mail Armor
41:26 Holcans
41:17 Conscription
41:41 Crop Rotation
41:00 Elite Eagle Warrior
44:25 Plate Mail Armor
44:46 Forging
Connection lost

Rejoining the realm…

Still unreachable

The connection could not be restored.

Session expired

The server has moved on; the page needs a fresh start.